Cogmind - Beta 9.2 @@@ ROGUE MODE // 2019.12.05 @ 17:52:12 Player: Enzo Result: Self-destructed Performance ------------- Evolutions (3) 1500 Regions Visited (9) 1800 Robots Destroyed (128) 640 Value Destroyed (4378) 4378 Prototype IDs (10) 200 Alien Tech Used (0) 0 Bonus (1663) 1663 TOTAL SCORE: 10181 Bonus ------- High Alert Combat Kills 587 Follower Combat Kills 76 Entered Garrisons 200 Used RIF Installer 500 Aligned with FarCom 300 Cogmind --------- Core Integrity 181/700 Matter 5/300 Energy 116/160 System Corruption 5% Temperature Cool (9) Movement Hovering (116) Ox1 Location -7/Factory Parts ------- > --- POWER (1) -------- Light Nuclear Core > --- PROPULSION (2) --- Gravmag System Gravmag System > --- UTILITY (8) ------ Lightpack 2.0 Structural Scanner Advanced Visual Processing Unit Terrain Scan Processor Transmission Jammer Hacking Suite Relay Coupler [Grunt] (14) > --- WEAPON (2) ------- Improved EM Pulse Cannon Improved EM Pulse Cannon > --- INVENTORY (24) --- Gravmag System Improved ECM Suite Relay Coupler [NC] (29) Relay Coupler [NC] (27) Relay Coupler [ARC] (11) Relay Coupler [Swarmer] (33) Relay Coupler [Swarmer] (32) Relay Coupler [Swarmer] (39) Relay Coupler [Swarmer] (31) Relay Coupler [Grunt] (27) Relay Coupler [Grunt] (25) Relay Coupler [Sentry] (18) Relay Coupler [Sentry] (23) Relay Coupler [Behemoth] (8) System Backup Module Shock Rifle Gauss Cannon Rocket Array Smartbomb Launcher Remote Datajack Remote Datajack Peak State ------------ > --- POWER ------------ Light Nuclear Core > --- PROPULSION ------- Gravmag System Gravmag System > --- UTILITY ---------- Lightpack 2.0 Structural Scanner Advanced Visual Processing Unit Terrain Scan Processor Transmission Jammer Hacking Suite Relay Coupler [Grunt] > --- WEAPON ----------- Smartbomb Launcher > --- INVENTORY -------- Gravmag System Improved ECM Suite Relay Coupler [NC] Relay Coupler [NC] Relay Coupler [ARC] Relay Coupler [Swarmer] Relay Coupler [Swarmer] Relay Coupler [Swarmer] Relay Coupler [Swarmer] Relay Coupler [Grunt] Relay Coupler [Grunt] Relay Coupler [Sentry] Relay Coupler [Sentry] Relay Coupler [Behemoth] System Backup Module Shock Rifle Improved EM Pulse Cannon Improved EM Pulse Cannon Gauss Cannon Rocket Array Remote Datajack Remote Datajack [Rating: 65] Favorites ----------- Power Light Nuclear Core Engine Light Ion Engine Power Core Light Nuclear Core Propulsion Compact Wheel Treads Medium Treads Leg Carbon-fiber Leg Wheel Compact Wheel Hover Unit Gravmag System Utility Lightpack 2.0 Device Structural Scanner Storage Lightpack 2.0 Processor Terrain Scan Processor Hackware Hacking Suite Protection Improved Light Armor Plating Weapon Heavy EM Shotgun Energy Gun Heavy EM Shotgun Energy Cannon Improved EM Pulse Cannon Ballistic Gun Improved Assault Rifle Ballistic Cannon Advanced Assault Cannon Launcher Improved Grenade Launcher Special Weapon Remote Datajack Slashing Weapon Longsword +1 Build | -11 -10 -10 -9 -9 -9 -8 -8 -8 -7 ------- Run | Scr Mat Min Mat Min Exi Min Mat Gar Fac Slots Evolved 6 | . . . 2 . . . 2 . 2 Power . | . . . . . . . . . . Propulsion . | . . . . . . . . . . Utility 6 | . . . 2 . . . 2 . 2 Weapon . | . . . . . . . . . . Parts Attached 120 | 7 10 6 14 2 4 2 12 17 46 Power 15 | 1 2 1 3 . . 1 . 4 3 Engine 6 | 1 2 1 2 . . . . . . Core 9 | . . . 1 . . 1 . 4 3 Reactor . | . . . . . . . . . . Propulsion 19 | 2 1 2 1 1 . . 1 2 9 Treads 5 | . . . . . . . . . 5 Leg 3 | . . . . . . . . 2 1 Wheel 8 | 2 1 2 1 1 . . 1 . . Hover 3 | . . . . . . . . . 3 Flight . | . . . . . . . . . . Utility 20 | 2 2 . 3 . 2 1 3 . 7 Device 9 | 1 . . 2 . 1 . 1 . 4 Storage 3 | 1 1 . . . 1 . . . . Processor 5 | . 1 . 1 . . 1 2 . . Hackware 2 | . . . . . . . . . 2 Protection 1 | . . . . . . . . . 1 Artifact . | . . . . . . . . . . Weapon 66 | 2 5 3 7 1 2 . 8 11 27 Energy Gun 22 | 1 3 1 2 . . . 5 6 4 Energy Cannon 14 | . . 2 1 1 . . . . 10 Ballistic Gun 6 | 1 . . 4 . 1 . . . . Ballistic Cannon 6 | . 2 . . . . . . . 4 Launcher 16 | . . . . . . . 3 5 8 Special Weapon 1 | . . . . . . . . . 1 Impact Weapon . | . . . . . . . . . . Slashing Weapon 1 | . . . . . 1 . . . . Piercing Weapon . | . . . . . . . . . . Special Melee Weapon . | . . . . . . . . . . Unidentified Prototypes 6 | . . . . . 2 . 2 . 2 Parts Lost 26 | . 1 6 1 . . . 2 3 13 Power 4 | . . 1 . . . . . . 3 Propulsion 7 | . 1 2 . . . . . 1 3 Utility 4 | . . . 1 . . . . 1 2 Weapon 11 | . . 3 . . . . 2 1 5 Highest Loss Streak 4 | . 1 4 1 . . . 2 1 4 Average Slot Usage (%) 91 | . 99 88 98 100 91 88 88 89 86 Engine 4 | . 14 12 7 . . . . . . Core 5 | . . . 3 11 11 11 9 9 5 Treads 2 | . . . . . . . . . 8 Leg 1 | . . . . . . . . 5 2 Wheel 14 | . 27 25 22 22 22 22 18 12 . Device 14 | . . . 19 22 14 11 18 17 21 Storage 10 | . 14 14 11 11 11 11 9 9 7 Processor 14 | . 13 14 13 11 11 11 18 18 15 Hackware 1 | . . . . . . . . . 6 Energy Gun 6 | . 15 6 2 . . . 6 12 2 Energy Cannon 3 | . . 14 2 4 11 11 5 . 4 Ballistic Gun 4 | . 2 . 17 17 10 11 1 . . Ballistic Cannon 2 | . 10 . . . . . . . 4 Launcher 1 | . . . . . . . 1 5 1 Naked Turns . | . . . . . . . . . . Heaviest Build 31 | 12 29 29 30 31 31 18 22 22 30 Greatest Support 56 | 26 26 32 32 28 28 28 28 30 56 Greatest Overweight (x) 6 | . 1 6 1 1 1 . . 1 2 Average Overweight (x) . | . . . . 1 . . . . . Largest Inventory Capacity 30 | 6 10 10 10 10 30 24 24 24 24 Average Capacity 17 | 4 8 10 10 10 17 24 24 24 24 Most Carried 24 | 2 10 10 10 10 12 12 17 24 24 Average Carried 14 | . 8 8 9 9 10 11 13 19 21 Final Capacity 24 | 6 10 10 10 10 24 24 24 24 24 Final Carried 23 | 2 10 10 10 10 11 11 14 23 22 Class Distribution -------------------- 30% | Mutant 14% | Scavenger-Mutant 13% | Hauler-Skirmisher 13% | Hauler-Mutant 10% | Bothacker-Skirmisher 7% | Infiltrator-Skirmisher 5% | Bothacker-Mutant 3% | Scavenger-Skirmisher Dominant Class ---------------- Mutant | -10/Materials Mutant | -10/Mines Scavenger-Mutant | -9/Materials Mutant | -9/Mines Hauler-Mutant | -9/Exiles Hauler-Skirmisher | -8/Mines Hauler-Skirmisher | -8/Materials Hauler-Mutant | -8/Garrison Bothacker-Skirmisher | -7/Factory Resources | -11 -10 -10 -9 -9 -9 -8 -8 -8 -7 ----------- Run | Scr Mat Min Mat Min Exi Min Mat Gar Fac Matter Collected 2458 | 193 322 60 388 72 . 63 133 558 669 Remotely . | . . . . . . . . . . Salvage Created 3560 | 12 383 399 682 47 . 43 273 720 1001 Parts 203 | 4 21 17 50 4 . 2 12 37 56 Haulers Intercepted 8 | . 2 . 2 . . . 1 . 3 Recyclers Shooed 8 | . 4 1 . . . . . . 3 Parts Field Recycled . | . . . . . . . . . . Retrieved Matter . | . . . . . . . . . . Parts Self-Destructed . | . . . . . . . . . . Prevented . | . . . . . . . . . . Kills | -11 -10 -10 -9 -9 -9 -8 -8 -8 -7 ------- Run | Scr Mat Min Mat Min Exi Min Mat Gar Fac Combat Hostiles Destroyed 83 | . 8 7 12 3 . 1 7 20 25 Melee 1 | . . . . . . . . . 1 Guns 37 | . 6 2 12 3 . . . 10 4 Cannons 14 | . 2 5 . . . 1 . . 6 AOE 28 | . . . . . . . 7 8 13 Classes Destroyed 14 | 1 7 . 4 . . 1 . . 1 Worker 7 | . 1 . 1 . . . . . 5 Builder 12 | . 2 . . . . . 2 . 8 Tunneler 4 | 1 . . . . . . . . 3 Hauler 8 | . 2 . 2 . . . 1 . 3 Recycler 5 | . 1 3 . . . . . . 1 Operator 1 | . . . 1 . . . . . . Watcher 8 | . 3 . 3 . . . 1 . 1 Swarmer 25 | . 6 3 3 3 . . . 4 6 Grunt 40 | . 2 4 4 . . . 7 12 11 Brawler 1 | . . . 1 . . . . . . Duelist 1 | . . . 1 . . . . . . Sentry 8 | . . . 3 . . . . 2 3 Hunter 3 | . . . . . . 1 . 2 . Programmer 5 | . . . . . . . . . 5 Best Kill Streak 11 | 1 3 3 4 3 . 1 8 4 11 Combat Bots Only 6 | . 3 2 3 3 . 1 6 4 6 Max Kills in Single Turn 5 | 1 1 1 2 2 . 1 2 3 5 Gunslinging 1 | . . . . 1 . . . . . Exploded 3 | . . . . . . . 1 3 2 Melee 1 | . . . . . . . . . 1 Uniques/NPCs Destroyed . | . . . . . . . . . . Combat | -11 -10 -10 -9 -9 -9 -8 -8 -8 -7 -------- Run | Scr Mat Min Mat Min Exi Min Mat Gar Fac Damage Taken 4483 | . 240 419 625 119 . . 215 591 2274 Core 935 | . 52 74 161 17 . . 31 81 519 Absorbed by Shields . | . . . . . . . . . . Core Remaining (%) 70 | 100 . 49 . . . 55 . 79 . Volleys Fired 272 | 2 44 29 50 7 . 1 19 45 75 Largest 2 | 2 2 2 2 2 . 2 2 2 2 Hottest 138 | 70 130 130 105 46 . 79 100 100 138 Shots Fired 445 | 4 88 43 100 14 . 2 25 61 108 Gun 261 | 4 70 9 93 14 . 1 7 40 23 Cannon 128 | . 18 34 7 . . 1 6 . 62 Launcher 54 | . . . . . . . 12 21 21 Special 2 | . . . . . . . . . 2 Kinetic 184 | 2 42 . 86 14 . 1 5 . 34 Thermal 114 | 2 46 43 10 . . . . . 13 Explosive 54 | . . . . . . . 12 21 21 Electromagnetic 91 | . . . 4 . . 1 8 40 38 Robot Hit Streak 21 | 3 14 10 17 3 . 4 2 21 12 Robot Miss Streak 6 | 1 3 6 6 2 . . 3 5 5 Penetration Max . | . . . . . . . . . . Secondary Targets 1 | . . . . 1 . . . . . Max Gunslinging Chain 1 | . . . . 1 . . . . . Shots Hit Robots 306 | 3 64 34 67 7 . 1 12 39 79 Core Hits 238 | 1 38 22 25 3 . 1 27 37 84 Critical Hits 3 | . . . 1 . . . . 2 . Critical Kills 2 | . . . 1 . . . . 1 . Critical Parts Destroyed 1 | . . . . . . . . 1 . Melee Attacks . | . . . . . . . . . . Impact . | . . . . . . . . . . Slashing . | . . . . . . . . . . Piercing . | . . . . . . . . . . Sneak Attacks . | . . . . . . . . . . Combat Hostiles . | . . . . . . . . . . Follow-up Attacks . | . . . . . . . . . . Damage Inflicted 11105 | 28 818 566 1045 118 . 23 1386 1738 5383 Guns 3067 | 28 701 100 1010 118 . . 61 670 379 Cannons 1908 | . 117 466 35 . . 23 67 . 1200 Explosions 6119 | . . . . . . . 1253 1068 3798 Melee . | . . . . . . . . . . Ramming 11 | . . . . . . . 5 . 6 Kinetic 1985 | 15 324 . 904 118 . . 15 . 609 Thermal 2781 | 13 494 566 68 . . . 55 102 1483 Explosive 4739 | . . . . . . . 1198 966 2575 Electromagnetic 1589 | . . . 73 . . 23 113 670 710 Impact . | . . . . . . . . . . Slashing . | . . . . . . . . . . Piercing . | . . . . . . . . . . Highest Corruption 5 | . . . . . . . . . 5 Average Corruption 4 | . . . . . . . . . 4 Corruption Purged . | . . . . . . . . . . Effects 30 | . . . . . . . . . 30 Message Errors 10 | . . . . . . . . . 10 Matter Fused 7 | . . . . . . . . . 7 Heat Flow Errors 5 | . . . . . . . . . 5 Energy Discharges 6 | . . . . . . . . . 6 Targeting Errors 2 | . . . . . . . . . 2 Overload Shots . | . . . . . . . . . . Overflow Damage 621 | . . 23 . . . . 96 60 442 Projectiles 46 | . . 23 . . . . . . 23 Explosions 575 | . . . . . . . 96 60 419 Melee . | . . . . . . . . . . Knockbacks 6 | . 1 . . . . . . . 5 Impact . | . . . . . . . . . . Kinetic 6 | . 1 . . . . . . . 5 Secondary . | . . . . . . . . . . Self-Inflicted Damage 488 | . . . . . . . 34 109 345 Shots 12 | . . . . . . . 1 2 9 Rammed 3 | . . . . . . . 1 . 2 Targets Rammed 4 | . . . . . . . 1 . 3 Kicked . | . . . . . . . . . . Crushed 1 | . . . . . . . . . 1 Highest Temperature 470 | 18 234 315 470 . . 15 27 144 261 Average Temperature 81 | 10 65 155 123 . . 10 7 35 64 Received Heat Transfer 1314 | . 54 144 102 . . . 99 207 708 Effects 8 | . . 4 1 . . . . . 3 Shutdowns 1 | . . . 1 . . . . . . Energy Bleed 1 | . . 1 . . . . . . . Interference 5 | . . 2 . . . . . . 3 Damage (minor) 1 | . . 1 . . . . . . . Siege Activations . | . . . . . . . . . . Robots Corrupted 3 | . . . . . . . . 2 1 Combat Hostiles 3 | . . . . . . . . 2 1 Parts Fried 9 | . . . 3 . . . . 5 1 Impact Corruptions . | . . . . . . . . . . Robots Melted . | . . . . . . . . . . Combat Hostiles . | . . . . . . . . . . Parts Melted 7 | . 3 1 2 . . . . . 1 Heat Transferred 3658 | 37 1083 1082 149 . . . . 100 1207 Parts Sabotaged . | . . . . . . . . . . Parts Stolen . | . . . . . . . . . . Parts Stripped . | . . . . . . . . . . Power Chain Reactions 4 | . . . . . . . 1 2 1 Missiles Intercepted . | . . . . . . . . . . Alert | -11 -10 -10 -9 -9 -9 -8 -8 -8 -7 ------- Run | Scr Mat Min Mat Min Exi Min Mat Gar Fac Peak Influence 1197 | 5 228 150 287 135 . 70 243 1197 794 Average Influence 329 | . 46 82 135 132 . 20 111 619 526 Maximum Alert Level 4 | . 1 . 1 . . . 1 4 3 Low Security (%) 49 | 100 96 100 82 100 . 100 68 19 . Level 1 15 | . 3 . 17 . . . 31 6 32 Level 2 19 | . . . . . . . . 26 49 Level 3 14 | . . . . . . . . 41 18 Level 4 1 | . . . . . . . . 5 . Level 5 . | . . . . . . . . . . High Security . | . . . . . . . . . . Max Security . | . . . . . . . . . . Squads Dispatched 14 | . 1 . 1 . . . 3 . 9 Investigation 2 | . 1 . . . . . . . 1 Extermination 4 | . . . . . . . . . 4 Reinforcement 6 | . . . 1 . . . 2 . 3 Assault 1 | . . . . . . . . . 1 Garrison 1 | . . . . . . . 1 . . Intercept . | . . . . . . . . . . Construction Impeded 5 | . . . . . . . 2 . 3 Haulers Reinforced . | . . . . . . . . . . Stealth | -11 -10 -10 -9 -9 -9 -8 -8 -8 -7 --------- Run | Scr Mat Min Mat Min Exi Min Mat Gar Fac Distress Signals 3 | . . . 2 . . . 1 . . Communications Jammed 7 | . . . . . . . . . 7 Distress Signals 7 | . . . . . . . . . 7 Times Spotted 107 | . 13 8 18 3 . 1 10 18 36 Peak Tracking Total 5 | . 3 3 4 3 . 1 5 4 5 Tactical Retreats 6 | . . 1 2 . . . . . 3 Traps | -11 -10 -10 -9 -9 -9 -8 -8 -8 -7 ------- Run | Scr Mat Min Mat Min Exi Min Mat Gar Fac Traps Triggered 3 | . 1 . . . . . . 2 . Indirectly . | . . . . . . . . . . Trap Hack Attempts . | . . . . . . . . . . Triggered . | . . . . . . . . . . Disarmed . | . . . . . . . . . . Reprogrammed . | . . . . . . . . . . Reused . | . . . . . . . . . . Traps Extracted . | . . . . . . . . . . Installed . | . . . . . . . . . . Triggered . | . . . . . . . . . . Machines | -11 -10 -10 -9 -9 -9 -8 -8 -8 -7 ---------- Run | Scr Mat Min Mat Min Exi Min Mat Gar Fac Machines Disabled 23 | . . . 1 . . . 1 7 14 Max in Single Turn 10 | . . . 1 . . . 1 2 10 Garrison Relay 4 | . . . . . . . . 4 . Machines Sabotaged . | . . . . . . . . . . Garrisons Compromised . | . . . . . . . . . . Overloaded Fab Kills . | . . . . . . . . . . Fab Network Shutdowns . | . . . . . . . . . . Hacking | -11 -10 -10 -9 -9 -9 -8 -8 -8 -7 --------- Run | Scr Mat Min Mat Min Exi Min Mat Gar Fac Machines Accessed 20 | . 7 . 4 . . . 3 . 6 Terminals 15 | . 7 . 3 . . . 2 . 3 Fabricators 1 | . . . . . . . . . 1 Repair Stations 2 | . . . 1 . . . . . 1 Recycling Units . | . . . . . . . . . . Scanalyzers 1 | . . . . . . . . . 1 Garrison Access 1 | . . . . . . . 1 . . Total Hacks 71 | . 25 . 11 . . . 13 . 22 Successful 55 | . 19 . 8 . . . 10 . 18 Failed 16 | . 6 . 3 . . . 3 . 4 Catastrophic 4 | . . . 1 . . . 1 . 2 Database Lockouts . | . . . . . . . . . . Manual 42 | . 16 . 6 . 1 . 6 . 13 Terminals 56 | . 25 . 7 . . . 10 . 14 Fabricators 3 | . . . . . . . . . 3 Repair Stations 6 | . . . 4 . . . . . 2 Recycling Units . | . . . . . . . . . . Scanalyzers 3 | . . . . . . . . . 3 Garrison Access 3 | . . . . . . . 3 . . Terminal Hacks 22 | . 10 . 1 . . . 4 . 7 Part Schematic 2 | . . . . . . . . . 2 Robot Analysis 3 | . 3 . . . . . . . . Prototype ID Bank 2 | . 1 . 1 . . . . . . Branch Access Points 1 | . 1 . . . . . . . . Emergency Access Points 1 | . . . . . . . 1 . . Alert Level 5 | . 1 . . . . . 2 . 2 Unreport Threat 3 | . 1 . . . . . . . 2 Locate Traps 3 | . 2 . . . . . . . 1 Zone Layout 2 | . 1 . . . . . 1 . . Fabricator Hacks 3 | . . . . . . . . . 3 Load Schematic 1 | . . . . . . . . . 1 Build 2 | . . . . . . . . . 2 Repair Station Hacks 5 | . . . 4 . . . . . 1 Scan Component 3 | . . . 2 . . . . . 1 Repair 2 | . . . 2 . . . . . . Recycling Unit Hacks . | . . . . . . . . . . Scanalyzer 2 | . . . . . . . . . 2 Insert Component 1 | . . . . . . . . . 1 Analyze 1 | . . . . . . . . . 1 Garrison Access Hacks 2 | . . . . . . . 2 . . Unlock Access 1 | . . . . . . . 1 . . Coupler Status 1 | . . . . . . . 1 . . Unauthorized Hacks 46 | . 19 . 8 . . . 9 . 10 Terminals 20 | . 9 . 3 . . . 4 . 4 Track 6 | . 3 . 1 . . . 1 . 1 Botnet 12 | . 5 . 2 . . . 2 . 3 Operators 2 | . 1 . . . . . 1 . . Fabricators . | . . . . . . . . . . Repair Stations . | . . . . . . . . . . Recycling Units . | . . . . . . . . . . Scanalyzers 1 | . . . . . . . . . 1 Extract 1 | . . . . . . . . . 1 Garrison Access . | . . . . . . . . . . Data Cores Recovered . | . . . . . . . . . . Used . | . . . . . . . . . . Hacking Detections 19 | . 7 . 4 . . . 3 . 5 Full Trace Events . | . . . . . . . . . . Feedback Events . | . . . . . . . . . . Feedback Blocked . | . . . . . . . . . . Robot Schematics Acquired . | . . . . . . . . . . Robots Built . | . . . . . . . . . . Matter . | . . . . . . . . . . Time . | . . . . . . . . . . Total Robot Build Rating . | . . . . . . . . . . Part Schematics Acquired 6 | . . . . . . . . . 6 Parts Built 1 | . . . . . . . . . 1 Matter 358 | . . . . . . . . . 358 Time 179 | . . . . . . . . . 179 Total Part Build Rating 6 | . . . . . . . . . 6 Parts Repaired 2 | . . . 2 . . . . . . Time 77 | . . . 77 . . . . . . Parts Recycled . | . . . . . . . . . . Recycled Matter . | . . . . . . . . . . Retrieved Matter . | . . . . . . . . . . Retrieved Components . | . . . . . . . . . . Parts Scanalyzed 1 | . . . . . . . . . 1 Part Schematics Acquired 1 | . . . . . . . . . 1 Parts Damaged . | . . . . . . . . . . Bothacking | -11 -10 -10 -9 -9 -9 -8 -8 -8 -7 ------------ Run | Scr Mat Min Mat Min Exi Min Mat Gar Fac Used RIF Installer 1 | . . . . . . . . 1 . Robots Hacked 1 | . . . . . . . . . 1 Non-combat . | . . . . . . . . . . Combat 1 | . . . . . . . . . 1 Robot Hacks Applied 1 | . . . . . . . . . 1 overwrite_iff 1 | . . . . . . . . . 1 Relay Couplers Released 17 | . . . . . . . . 17 . Machine Destruction 17 | . . . . . . . . 17 . Attached 1 | . . . . . . . . . 1 Robots Rewired . | . . . . . . . . . . Allies Hacked . | . . . . . . . . . . Hacks Repelled . | . . . . . . . . . . Allies | -11 -10 -10 -9 -9 -9 -8 -8 -8 -7 -------- Run | Scr Mat Min Mat Min Exi Min Mat Gar Fac Total Allies 4 | . . . . 3 . . . . 1 Largest Group 3 | . . . . 3 3 3 3 . 1 Highest-Rated Group 40 | . . . . 40 40 40 40 . 16 Highest-Rated Ally 16 | . . . . 16 16 16 16 . 16 Total Orders . | . . . . . . . . . . Ally Attacks 37 | . . . . . . 13 19 . 5 Total Damage 442 | . . . . . . 172 195 . 75 Kills 3 | . . . . . . 1 1 . 1 Allies Corrupted . | . . . . . . . . . . Allies Melted . | . . . . . . . . . . Intel | -11 -10 -10 -9 -9 -9 -8 -8 -8 -7 ------- Run | Scr Mat Min Mat Min Exi Min Mat Gar Fac Robot Analysis Total 3 | . 3 . . . . . . . . Derelict Logs Recovered 3 | . . 2 . 1 . . . . . Drone Launches . | . . . . . . . . . . Drone Recoveries . | . . . . . . . . . . Exploration | -11 -10 -10 -9 -9 -9 -8 -8 -8 -7 ------------- Run | Scr Mat Min Mat Min Exi Min Mat Gar Fac Turns Passed 7954 | 67 1239 532 1036 351 264 211 385 1741 2128 Spaces Moved 4890 | 54 877 400 646 299 235 188 276 765 1150 Core 8 | 4 . 4 . . . . . . . Treads 666 | . . . . . . . . . 666 Legs 482 | . . . . . . . . 279 203 Wheels 3453 | 50 877 396 646 299 235 188 276 486 . Hover 281 | . . . . . . . . . 281 Flight . | . . . . . . . . . . Fastest Speed 50 | 50 90 100 100 105 95 95 95 95 56 Average Speed 109 | 86 97 102 100 105 99 95 95 104 138 Slowest Speed 350 | 90 110 350 105 105 105 95 95 150 180 Overloaded Moves . | . . . . . . . . . . Propulsion Burnouts . | . . . . . . . . . . Robots Hopped . | . . . . . . . . . . Cave-ins Triggered . | . . . . . . . . . . Exploration Rate (%) 50 | 5 88 80 46 58 59 36 21 86 29 Regions Visited 9 Branch Regions 4 Pre-discovered Areas 1 | . . . . 1 . . . . . Known Exits Taken 6 | . 1 . 1 1 1 1 1 . . Unknown Exits Taken 2 | 1 . 1 . . . . . . . Scrap Searched 4 | . . 1 . 2 . 1 . . . Spaces Dug 19 | . . . . . . . . . 19 Terrain Destroyed 367 | . . . . . . . 69 121 177 Melee . | . . . . . . . . . . Projectile 3 | . . . . . . . . . 3 AOE 364 | . . . . . . . 69 121 174 Actions | -11 -10 -10 -9 -9 -9 -8 -8 -8 -7 --------- Run | Scr Mat Min Mat Min Exi Min Mat Gar Fac Total 7040 | 66 1178 477 934 322 265 218 374 1645 1561 Wait 1610 | 2 219 39 210 12 20 26 49 780 253 Move 4880 | 53 876 399 645 298 234 187 275 763 1150 Hop . | . . . . . . . . . . Pick Up 65 | 2 15 3 4 1 2 . 9 15 14 Fast Attach 48 | 7 4 4 8 1 3 1 4 2 14 Attach 29 | . 1 2 3 . 1 . 6 1 15 Detach 14 | . 1 . 1 . . 1 4 1 6 Swap 43 | . 5 . 3 1 . 1 2 14 17 Drop 59 | . 13 1 10 2 5 1 5 8 14 Fire 272 | 2 44 29 50 7 . 1 19 45 75 Melee . | . . . . . . . . . . Ram 1 | . . . . . . . 1 . . Kick . | . . . . . . . . . . Crush 3 | . . . . . . . . . 3 Escape Stasis 16 | . . . . . . . . 16 . Rewire . | . . . . . . . . . . Trap . | . . . . . . . . . . Miscellaneous . | . . . . . . . . . . Route ------- -11/Scrapyard -10/Materials (discovered 3 exits: *Mat x2 / *Min) -10/Mines -9/Materials (discovered 2 exits: *Min x2) -9/Mines (discovered 3 exits: *Mat x2 / *Exi) -9/Exiles -8/Mines -8/Materials (discovered 2 exits: *Fac / Gar) -8/Garrison (discovered 3 exits: *Fac x3) -7/Factory History --------- Turn | Location | Event 6 | -11/Scrapyard | Discovered new exit (range 15) 68 | -11/Scrapyard | Entered Materials 170 | -10/Materials | Discovered new exit (range 12) 282 | -10/Materials | Identified exit to Mines 335 | -10/Materials | Build established: Mutant 359 | -10/Materials | Discovered new exit (range 13) 877 | -10/Materials | Discovered new exit (range 15) 1307 | -10/Materials | Entered Mines 1384 | -10/Mines | Learned Materials security intel 1389 | -10/Mines | Discovered new exit (range 14) 1435 | -10/Mines | Learned Materials trap positions 1512 | -10/Mines | Core integrity fell below 50% 1536 | -10/Mines | Lost 4 parts (1p2n1w) 1839 | -10/Mines | Entered Materials 1839 | -9/Materials | Evolved 2 slots: Utility x2 1840 | -9/Materials | Loaded intel: 8 trap records 1948 | -9/Materials | Repaired Beam Cannon 2100 | -9/Materials | Build established: Scavenger-Mutant 2442 | -9/Materials | Repaired Imp. Assault Rifle 2513 | -9/Materials | Discovered new exit (range 11) 2535 | -9/Materials | Identified exit to Mines 2753 | -9/Materials | Discovered exit to Mines (range 16) 2875 | -9/Materials | Entered Mines 2927 | -9/Mines | Discovered new exit (range 8) 2933 | -9/Mines | Identified exit to Materials 2950 | -9/Mines | Assisted by bots powering up and referring to "LRC-V3" 3060 | -9/Mines | Build established: Mutant 3122 | -9/Mines | Discovered exit to Materials (range 8) 3198 | -9/Mines | Learned location of Storage (-7) 3214 | -9/Mines | Deemed a non-threat by the Exiles lab entrance 3215 | -9/Mines | Discovered new exit (range 5) 3218 | -9/Mines | Identified exit to Exiles 3226 | -9/Mines | Entered Exiles 3226 | -9/Exiles | Accompanied by 3 allies 3251 | -9/Exiles | Met 8R-AWN 3268 | -9/Exiles | Met EX-HEX 3303 | -9/Exiles | Met EX-BIN 3315 | -9/Exiles | Aligned with FarCom system 3316 | -9/Exiles | Given EX-Vault access code 3343 | -9/Exiles | Opened EX-Vault 3349 | -9/Exiles | Found Prototype Slashing Weapon 3349 | -9/Exiles | Identified Longsword +1 3353 | -9/Exiles | Found Prototype Storage 3353 | -9/Exiles | Identified Lightpack 2.0 3391 | -9/Exiles | Warned to stay clear of 0b10 Research branches 3418 | -9/Exiles | Met EX-DEC 3454 | -9/Exiles | Discovered new exit (range 14) 3469 | -9/Exiles | Identified exit to Mines 3490 | -9/Exiles | Left Exiles lab with Lightpack 2.0 3490 | -9/Exiles | Entered Mines 3490 | -8/Mines | Accompanied by 3 allies 3680 | -8/Mines | Discovered exit to Materials (range 12) 3701 | -8/Mines | Entered Materials 3701 | -8/Materials | Accompanied by 3 allies 3701 | -8/Materials | Evolved 2 slots: Utility x2 3830 | -8/Materials | Build established: Hauler-Skirmisher 3947 | -8/Materials | Garrison activated, responded to threat 3980 | -8/Materials | Discovered new exit (range 17) 4065 | -8/Materials | Identified exit to Garrison 4086 | -8/Materials | Entered Garrison 4424 | -8/Garrison | Garrison Relay disabled 4525 | -8/Garrison | Triggered checkpoint 4582 | -8/Garrison | Triggered checkpoint 4603 | -8/Garrison | Discovered new exit (range 10) 4695 | -8/Garrison | Build established: Hauler-Mutant 4912 | -8/Garrison | Triggered checkpoint 4938 | -8/Garrison | Garrison Relay disabled 5182 | -8/Garrison | Triggered checkpoint 5207 | -8/Garrison | Garrison Relay disabled 5278 | -8/Garrison | Triggered checkpoint 5301 | -8/Garrison | Discovered new exit (range 17) 5424 | -8/Garrison | Triggered checkpoint 5531 | -8/Garrison | Discovered new exit (range 10) 5554 | -8/Garrison | Installed Relay Interface Framework 5723 | -8/Garrison | Triggered checkpoint 5827 | -8/Garrison | Entered Factory 5827 | -7/Factory | Evolved 2 slots: Utility x2 6155 | -7/Factory | Build established: Infiltrator-Skirmisher 6527 | -7/Factory | Found Prototype Launcher 6536 | -7/Factory | Identified Rocket Array 6853 | -7/Factory | Build established: Bothacker-Skirmisher 7088 | -7/Factory | Lost 4 parts (1p1u2w) 7619 | -7/Factory | Core integrity fell below 50% 7827 | -7/Factory | First assault squad dispatched 7896 | -7/Factory | Fabricated Smartbomb Launcher (x1) 7955 | -7/Factory | Self-destructed Last Messages --------------- 07899_ Connecting with Fabricator... >>Load(Adv. Terrain Scanner) Uploading Adv. Terrain Scanner schematic... Loaded successfully: Adv. Terrain Scanner Rating: 3 Time: 73 Matter: 146 Initiate build sequence. >>Build Building Adv. Terrain Scanner... ETC: 73 07911_ K-01 Serf cleans the Fabricator. 07919_ Connecting with Fabricator... 07944_ C-30 ARC bursts open, deploying its payload. 07944_ G-50 Soldier unfolds itself. 07944_ G-47 Trooper unfolds itself. 07944_ I-36 Angel unfolds itself. 07944_ I-36 Angel distress signal jammed. [Achievement: 10k Club] Map ----- +----------------------------------------------------+ | ????????????# #?????????# # | | ????????????# #???????### # | | ????????????# ########### # | | ????????????# """" / # | | ????????????#[ "F " # [ # | | ????????????# # # | | ????????????# """"""""" """"""""" # # | | ????????????# ###### | | ????????????# """"""""" """"""""" #????? | | ????????????# #????? | | ????????????# """"""""" """"""""" #????? | | ????????????# #????? | | ????????????# #????? | | ????????????# ###??######### ####????? | | ????????????# ???########### #???????? | | ????????????? ???Y!!! + #???????? | | ??????????????? ????#!! """ ######### #???????? | | ?????????????????????#!! """ #???????# #???????? | | ?????????????????????# """ #???????# #???????? | | ?????????????????????? ?########+#####???? | | ???????????????????????""T"" ?# ^ #???? | | ????????????????????????"""" ??# #???? | | ???????g????# ??????????? i??# """""" #???? | | ??????????###k ##########+#### """""" #???? | | ?????? # """""" #???? | | ?????? @ g# """""" #???? | | ?????? lg/% #???? | | ?????? g # !"" #???? | | ??????? u + !=F" ##### | | ???????########################## !==" ## | | ????????????????????????????????# | "" ## | | ????????????????????????????????# ## | | ????????????????????????????????############### | | ??????????????????????????????????????????????# | | ??????????????????????????????????????????????# | | ??????????????????????????????????????????????# | | ??????????????????????????????????????????????# | | ??????????????????????????????????????????????# | | ??????????????????????????????????????????????# | | ??????????????????????????????????????????????# | | ??????????????????????????????????????????????# | | ??????????????????????????????????????????????#### | | ?????????????????????????????????????????????????? | | ?????????????????????????????????????????????????? | | ?????????????????????????????????????????????????? | | ?????????????????????????????????????????????????? | | ?????????????????????????????????????????????????? | | ?????????????????????????????????????????????????? | | ?????????????????????????????????????????????????? | | ?????????????????????????????????????????????????? | +----------------------------------------------------+ Best States ------------- Heat Dissipation 56 Energy Generation 15 Energy Capacity 265 Matter Stores 300 Matter Capacity 300 Sight Range 20 Robot Scan Range 10 Terrain Scan Range 16 Terrain Scan Density 85 Jamming Range 8 Armor Coverage 150 Evasion (%) 53 Targeting Accuracy 6 Recoil Reduction 2 Offensive Hacking 10 Item Schematics ----------------- Adv. Terrain Scanner | -7/Factory | Hacked Adv. Terrain Scan Processor | -7/Factory | Hacked Hvy. Rocket Launcher | -7/Factory | Scanalyzed Hrd. Medium Armor Plating | -7/Factory | Extracted Gauss Rifle | -7/Factory | Extracted Plasma Cutter | -7/Factory | Extracted Robot Schematics ------------------ None Fabricated ------------ Smartbomb Launcher | x1 | -7/Factory | Preloaded Alien Tech Used ----------------- None Achievements -------------- 10k Club Challenges ------------ None Game ------ Seed ArcScanClaw Manual? 0 Play Time 01:09:50 Cumulative 16.5 hours Start 2019.12.05 @ 10:09:35 End 2019.12.05 @ 17:52:12 Sessions 3 Manual Loads 0 Difficulty Rogue Special Mode None Game No. 43 Rogue 43 Adventurer 0 Explorer 0 Win Type - Total 0 Types 0/0/0/0/0/0/0 Lore% 36 Gallery% 30 Achievement% 28 Wizard Run 0 Options --------- ASCII 0 Keyboard 0 Movement Numpad Keybinds 0 Fullscreen 2 Font 24/Smallcaps Map View 76x50 Tactical HUD 1 Map Filters NONE Filters NONE Steam 1 RUN: 8d6704ee-56b6-4ebf-a927-256650086073